[Event "USA Championship 2022"]
[Site "Saint Louis"]
[Date "2022.10.07"]
[Round "3.6"]
[White "Caruana, Fabiano"]
[Black "Swiercz, Dariusz"]
[Result "1-0"]
[ECO "C65"]
[WhiteElo "2763"]
[BlackElo "2652"]
[Annotator "TA"]
[PlyCount "119"]
[EventDate "2022.09.05"]
[EventType "tourn"]
[EventCountry "USA"]
[SourceTitle "playchess.com"]
[Source "ChessBase"]
[SourceQuality "1"]
[TimeControl "40/5400+30:1800+30"]

1. e4 e5 2. Nf3 Nc6 3. Bb5 Nf6 4. d3 Bc5 5. Bxc6 dxc6 6. Nbd2 {[%emt 0:00:07] C65: Ruy Lopez: Berlin Defence (3...Nf6), unusual lines and 4 0-0 Bc5.} (6. Bg5 h6 7. Bh4 Bd6 8. Nbd2 Qe7 9. Nc4 Bg4 10. h3 Bxf3 11. Qxf3 g5 12. Bg3 Qe6 13. Ne3 O-O-O 14. Qf5 Rde8 15. Qxe6+ Rxe6 16. Nf5 Nh5 17. f3 Rg8 {1-0 (50) Caruana,F (2781)-Swiercz,D (2656) Chess.com INT 2022}) 6... Be6 7. O-O Qd6 {[%emt 0:00:28] 7...Bd6 is becoming the main line.} 8. b3 {[%emt 0:00:26] White is slightly better.} a5 9. Bb2 {[%emt 0:00:12] Hoping for d4.} Nd7 10. Ng5 a4 11. Ndf3 {[%emt 0:00:20] [#]} O-O $146 ({Predecessor:} 11... f6 12. Nxe6 Qxe6 13. d4 exd4 14. Nxd4 Bxd4 15. Qxd4 O-O 16. Rfd1 Rf7 17. f3 b6 {½-½ (26) Hablizel,F (2301)-Popov,V (2087) ICCF email 2016}) 12. Nh4 Rfe8 13. Nxe6 Qxe6 14. Nf5 g6 15. Ng3 (15. Nh6+ {seems wilder.} Kg7 16. Qd2 Qe7 17. h3) 15... Qd6 16. Qg4 Qe6 17. Qg5 Qe7 (17... Be7 {looks sharper.} 18. Qd2 b5 19. f4 exf4 20. Qxf4 Bd6) 18. Qc1 Nf8 19. Kh1 Bd6 (19... a3 $5 20. Bc3 $8 b5 $11) 20. Ne2 Ne6 (20... a3 $5 21. Bc3 $8 Ne6 $11) 21. g3 a3 22. Bc3 c5 23. Kg2 (23. f4 $142 Nd4 24. Qd2) 23... f5 24. exf5 gxf5 25. Ng1 Qf7 26. Qd2 Nd4 27. Rae1 Re6 28. Bxd4 cxd4 29. Nf3 Re7 30. Nh4 Rf8 31. c4 dxc3 32. Qxc3 Qd5+ 33. Kg1 Rg7 34. Ng2 (34. Qc4 $11 c6 35. Nf3) 34... Kh8 (34... b5 $15 {should be considered.}) 35. Ne3 (35. Qc4 $11 Qxc4 36. dxc4) 35... Qb5 (35... Qe6 $1 $15 36. f4 exf4) 36. Nc4 $11 Re8 37. Qc1 Qd5 (37... Bb4 $5 ) 38. Nxd6 Qxd6 39. Qc3 Rd7 40. Re3 Qd4 41. Qa5 f4 42. Re4 Qb2 43. Rfe1 $1 Rxd3 (43... b6 $16 44. Qb4 Rdd8) 44. Qxc7 (44. Rxe5 $18 {is the precise move to win.} Rf8 45. Re8) 44... fxg3 $16 45. hxg3 {[%emt 0:00:00] White threatens Rh4 and mate.} Qc3 46. Qxc3 $1 (46. Qxb7 {is a self mate.} Rxg3+ $1 47. Kf1 Reg8 $1) 46... Rxc3 {[%emt 0:00:01][%mdl 4096] Endgame KRR-KRR} 47. R1e2 {[%emt 0:00:00] Inhibits Rc2.} ({Much weaker is} 47. Rxe5 $6 Rxe5 48. Rxe5 Rc2 $14) 47... Rc1+ 48. Kg2 Rb1 49. f4 ({White should try} 49. Rxe5 $16 Rxe5 50. Rxe5) 49... Rb2 $14 50. fxe5 Kg7 51. Rf2 Rc8 (51... Rf8 $11 {remains equal.} 52. Rg4+ Kh6) 52. Rg4+ $16 Kh6 {[%emt 0:00:03] [#]} 53. e6 $1 Rf8 54. Rgf4 Rxf4 (54... Re8 $16) 55. gxf4 {[%emt 0:00:05][%cal Bg3f4,Bf4f5,Bf5f6][%mdl 32] KR-KR} Kg7 56. f5 Kf6 57. Kf3 {[%emt 0:01:56] Black must now prevent Re2.} b5 58. Re2 {[%emt 0:00:27] White mates.} Ke7 59. Re1 Rxa2 60. f6+ {[%emt 0:00:14] Weighted Error Value: White=0.13 (very precise) /Black=0.33} 1-0

[Event "USA Championship 2022"]
[Site "Saint Louis"]
[Date "2022.10.07"]
[Round "3.7"]
[White "Shankland, Sam"]
[Black "Niemann, Hans Moke"]
[Result "1/2-1/2"]
[ECO "E36"]
[WhiteElo "2712"]
[BlackElo "2699"]
[Annotator "TA"]
[PlyCount "114"]
[EventDate "2022.09.05"]
[EventType "tourn"]
[EventCountry "USA"]
[SourceTitle "playchess.com"]
[Source "ChessBase"]
[SourceQuality "1"]
[TimeControl "40/5400+30:1800+30"]

1. d4 Nf6 2. c4 e6 3. Nc3 Bb4 4. Qc2 O-O 5. a3 Bxc3+ 6. Qxc3 d5 7. Nf3 dxc4 8. Qxc4 b6 9. Bg5 {[%emt 0:00:00] E36: Nimzo-Indian: Classical: 4...d5 5 a3.} Ba6 {[%emt 0:00:14] [#]} 10. Qc1 $146 ({Predecessor:} 10. Qa4 h6 11. Bh4 c5 12. dxc5 bxc5 13. Rd1 Qb6 14. Bxf6 gxf6 15. e3 Bxf1 16. Kxf1 {½-½ (31) Giri,A (2761)-So,W (2776) Stavanger 2022}) 10... Bb7 11. h4 Nc6 12. Qf4 Qd6 13. Rc1 (13. h5 $5 ) 13... Nd5 14. Qxd6 cxd6 15. e4 Nf6 16. Bd3 h6 17. Bxf6 gxf6 18. Ke2 Rac8 19. Rc3 Ne7 20. Rhc1 Rxc3 21. Rxc3 {[%emt 0:00:06] [#] Rc7 is the strong threat.} Rc8 {[%emt 0:00:12] Prevents Rc7.} 22. Rxc8+ Bxc8 $14 {[%emt 0:00:31][%mdl 4096] Endgame KBN-KBN} 23. Nd2 d5 24. e5 f5 25. b4 Bd7 26. b5 Kg7 27. Ke3 Ng6 28. h5 Nf8 29. a4 Be8 30. f3 f6 31. g4 fxe5 32. dxe5 Nd7 {[%emt 0:00:11] [#] aiming for ...fxg4.} 33. Kd4 ({Much weaker is} 33. gxf5 Nxe5 34. Bc2 (34. fxe6 Nxd3 35. Kxd3 Kf6 $17) 34... exf5 $17) 33... fxg4 34. fxg4 Nc5 {[%emt 0:00:09] Inhibits Nb3.} 35. Bc2 Bf7 36. Nb1 (36. Kc3 $14) 36... Bg8 (36... a5 $11) 37. a5 $1 Bf7 38. a6 Be8 39. Na3 Bd7 40. Bd1 $1 Ne4 41. Be2 Kf7 42. Nc2 Ke7 43. Ke3 $1 Ng5 44. Nd4 Nf7 45. Nf3 Ng5 $1 46. Nd4 Nf7 47. Kf4 {[%emt 0:00:00] Strongly threatening Nf3.} Ng5 48. Bf1 Be8 49. Nf3 (49. Bd3 $14 {is superior.}) 49... Nxf3 $11 50. Kxf3 {[%emt 0:00:00] KB-KB} Kf8 51. Kf4 Kg7 52. Be2 Bd7 ({Black should play} 52... Bf7 $1 $11) 53. g5 $14 Be8 54. Kg4 Bd7 55. Kf4 Be8 56. Kg4 Bd7 57. Kf4 Be8 {Weighted Error Value: White=0.10 (very precise) /Black=0.08 (flawless)} 1/2-1/2

[Event "USA Championship 2022"]
[Site "Saint Louis"]
[Date "2022.10.08"]
[Round "4.1"]
[White "So, Wesley"]
[Black "Shankland, Sam"]
[Result "1-0"]
[ECO "B92"]
[WhiteElo "2774"]
[BlackElo "2712"]
[Annotator "TA"]
[PlyCount "91"]
[EventDate "2022.09.05"]
[EventType "tourn"]
[EventCountry "USA"]
[SourceTitle "playchess.com"]
[Source "ChessBase"]
[SourceQuality "1"]
[TimeControl "40/5400+30:1800+30"]

1. e4 c5 2. Nf3 d6 3. d4 cxd4 4. Nxd4 Nf6 5. Nc3 a6 6. Be2 e5 7. Nb3 Be7 8. O-O O-O 9. Be3 Be6 10. Re1 {[%emt 0:01:06] B92: Sicilian Najdorf: 6 Be2.} Nbd7 11. a4 Qc7 12. a5 {[%emt 0:01:46] The position is equal.} Rfc8 13. Bf3 h6 14. h3 b5 {[%emt 0:10:54] 14...Rab8 is becoming the main line.} 15. axb6 $1 Nxb6 16. Na5 Rab8 {[%emt 0:01:57] [#]} 17. Bc1 $146 ({Predecessor:} 17. Qd2 Nc4 18. Nxc4 Bxc4 19. Reb1 a5 20. Qe1 Bd8 21. Bd2 Qc6 22. b3 Be6 23. Rc1 Bb6 24. Na4 Bd4 25. Rab1 d5 26. exd5 Bxd5 27. Bxd5 Qxd5 28. Be3 Qe4 {½-½ (28) Frolyanov,D (2567)-Nechepurenko,R (2476) Zvenigorod 2008}) 17... Nc4 18. Nxc4 Bxc4 19. Be2 Bxe2 20. Rxe2 Qb7 21. Qd3 (21. f3 {feels hotter.} Rc4 22. Rd2 Rbc8 23. Kh2) 21... Rc6 22. b3 Bd8 23. Kh2 Bb6 24. Nd1 Bd4 25. c3 Rbc8 (25... Qxb3 $2 26. Rb2 Qxb2 27. Bxb2 $18) 26. Bd2 Ba7 27. Ra3 Bc5 28. b4 Ba7 29. f3 Rd8 ({Less strong is} 29... Qb6 30. Be3 Qb8 31. b5 $18 (31. Rxa6 Bxe3 32. Nxe3 Rxa6 $16)) 30. Be3 $36 {[%emt 0:01:50][%cal Ob4b5][%mdl 2048] White has good play.} Bb8 31. Rea2 d5 {[%emt 0:04:52] ...Rcd6 is the strong threat.} 32. Nf2 Rdc8 33. Bc5 ({Much worse is} 33. Rxa6 Rxc3 34. Qd2 d4 35. Bxh6 Nh7 $11) 33... Bd6 (33... d4 $14) 34. Bxd6 $16 ({But not} 34. Rxa6 $6 Bxc5 35. Rxc6 Qxc6 $11) 34... Rxd6 35. Rxa6 Rdd8 {[%emt 0:01:16] [#] Black cannot hold the game after this.} (35... Rxc3 $16 {was necessary.} 36. Qxc3 Rxa6 37. Rxa6 Qxa6) 36. Rxf6 $1 $18 gxf6 37. Ng4 Kg7 38. Qd2 Rh8 39. exd5 {[%emt 0:04:50][%cal Be4d5,Bd5d6][%mdl 32] Hoping for Ne3.} Qc7 40. Ra3 e4+ $2 (40... Qc4 41. Ne3 Qf4+ 42. g3 Qxf3) 41. d6 Qd7 42. Qf4 Qe6 43. fxe4 {[%emt 0:00:35][%cal Oc3c4] And now c4! would win.} Rc4 44. Ne3 {[%emt 0:05:00] Black must now prevent Nf5+.} Rxe4 45. Nf5+ Kg6 46. Qg3+ {[%emt 0:00:05] Weighted Error Value: White=0.04 (flawless) /Black=0.37} 1-0

[Event "USA Championship 2022"]
[Site "Saint Louis"]
[Date "2022.10.08"]
[Round "4.2"]
[White "Lenderman, Aleksandr"]
[Black "Yoo, Christopher Woojin"]
[Result "1-0"]
[ECO "E04"]
[WhiteElo "2535"]
[BlackElo "2563"]
[Annotator "TA"]
[PlyCount "139"]
[EventDate "2022.09.05"]
[EventType "tourn"]
[EventCountry "USA"]
[SourceTitle "playchess.com"]
[Source "ChessBase"]
[SourceQuality "1"]
[TimeControl "40/5400+30:1800+30"]

1. d4 Nf6 2. c4 e6 3. g3 d5 4. Bg2 dxc4 5. Nf3 a6 6. Ne5 {[%emt 0:00:09][%mdl 1024] White has compensation.} Bb4+ {[%emt 0:00:10] E04: Open Catalan: 5 Nf3.} 7. Nc3 Nd5 8. O-O {[%emt 0:00:07] And now Nxd5 would win.} O-O {[%emt 0:05:41] The position is equal.} 9. Ne4 $1 {[%emt 0:00:04][%mdl 4] now scores much better than the old 9.Qc2.} b5 10. b3 c3 {[%emt 0:04:27] [#]} 11. a3 $146 ({Predecessor:} 11. Qc2 f6 12. Nd3 Nc6 13. Be3 Rb8 14. Nxb4 Ncxb4 15. Qc1 Nxe3 16. fxe3 Bb7 17. Qxc3 Bxe4 18. Bxe4 {1-0 (33) Deac,B (2639)-Maghsoodloo,P (2695) Chess.com INT 2021}) 11... Be7 12. Qe1 b4 13. axb4 {[%emt 0:00:40] White is more active.} f6 (13... Bb7 $142) 14. Nd3 $16 Nc6 15. e3 (15. Nxc3 $16 Bxb4 16. Nxb4 Ndxb4 17. Ba3) 15... Bxb4 16. Ba3 {[%emt 0:06:49] Bxb4 is the strong threat.} Rb8 17. Nxb4 Ncxb4 18. Bxb4 (18. Nxc3 Nc2 19. Qd1 Nxa1 20. Nxd5 exd5 $15) 18... Rxb4 19. Nc5 e5 20. dxe5 Rb5 21. Na4 c2 {[%emt 0:05:39] Against Rd1} (21... Rxb3 $2 22. Qe2 Rb5 23. Qc4 $18) 22. Nc3 Rc5 (22... fxe5 $2 23. Nxb5 axb5 24. e4 $18 (24. Qd2 Nf4 $16)) 23. Nxd5 Rxd5 24. Qc3 Rxe5 25. Qxc2 c5 26. Rfd1 Qb6 27. Rd5 Be6 28. Rxe5 fxe5 29. Rb1 Rb8 30. Be4 h6 31. Qc3 {[%emt 0:02:24] Against c4} Qd6 32. Bf3 (32. Bc2 {is interesting.} Bh3 33. Qc4+ Qe6 34. Qd3) 32... Kh8 33. Rd1 Qc7 34. Bd5 Rd8 35. e4 Qf7 (35... Bxd5 $142 36. Rxd5 Rxd5 37. exd5 Qd6) 36. Qd3 (36. Qxe5 $6 Qf3 37. Qxe6 Qxd1+ 38. Kg2 Rf8 $11) (36. Rd3 $142) 36... a5 37. h4 Qf6 38. Qc3 Bh3 ({Black should play} 38... Bxd5 39. exd5 (39. Rxd5 Rxd5 40. exd5 Qd6 $14) 39... Qb6) 39. Rd2 (39. Qxa5 {gets mated.} Rxd5 $1 40. f4 Rxd1+ 41. Kh2 exf4 $1 42. Qa8+ Kh7 43. Qe8 Rh1+ $3 44. Kxh1 fxg3) ({White should try} 39. Rd3) 39... Rf8 40. Kh2 Bg4 41. Qxc5 g5 $2 {[%emt 0:03:23] Loses the game.} (41... Qf3 $16 {might work better.}) 42. hxg5 $18 ({Worse is} 42. Qxa5 gxh4 43. Qc5 hxg3+ 44. fxg3 Qf1 $11) 42... hxg5 {[%emt 0:00:13] [#]} 43. Bc4 $1 Rc8 44. Qxa5 Bf3 {[%emt 0:02:25] [#] ( -> ...Qh6+)} 45. Kg1 $1 ({Weaker is} 45. Qa6 Qxa6 46. Bxa6 Rc6 $17) 45... g4 $2 (45... Bxe4 46. Re2 Bf3) 46. Rd5 Re8 47. Qd2 Bxe4 48. Rd6 Qg7 49. Rd8 (49. Rh6+ $142 Bh7 50. b4) 49... Bc6 50. Rxe8+ Bxe8 {[%emt 0:00:00][%mdl 4096] Endgame KQB-KQB} 51. Qd8 Qd7 52. Qh4+ Kg7 53. Qg5+ Kh7 54. Qxe5 {[%emt 0:01:25] Black must now prevent Bd5.} Bg6 55. Bd5 {[%emt 0:00:41] Threatening mate with b4.} Kh6 56. b4 Qa4 57. Qh8+ Kg5 58. Qd4 Qc2 59. Kg2 Qb1 60. Bc6 (60. Kh2 $142 Bd3 61. Qf4+ Kg6 62. Qxg4+ Kh6 63. Qe6+ Kh7 64. Qf7+ Kh6 65. Qf8+ Kg5 66. Qe7+ Kg6 67. Qf7+ Kh6 68. Qf8+ Kh7 69. Bg8+ Kh8 70. Bf7+ Kh7 71. Qg8+ Kh6 72. Qh8+ Bh7 73. Qf8+ Kg5 74. Qg7+ Bg6 75. f4+ Kg4 76. Qxg6+ Qxg6 77. Bxg6) 60... Kh6 61. Qxg4 {[%emt 0:01:06] White mates.} Bd3 62. Qf4+ Kg7 63. Qd4+ Kf7 64. Bd5+ Kg6 65. Kh2 Qc2 66. b5 Qe2 67. b6 Qh5+ 68. Kg2 Qd1 69. Be4+ Bxe4+ 70. Qxe4+ {[%emt 0:00:02] Weighted Error Value: White=0.23 (precise) /Black=0.32} 1-0

[Event "USA Championship 2022"]
[Site "Saint Louis"]
[Date "2022.10.08"]
[Round "4.3"]
[White "Moradiabadi, Elshan"]
[Black "Xiong, Jeffery"]
[Result "1/2-1/2"]
[ECO "B30"]
[WhiteElo "2534"]
[BlackElo "2690"]
[Annotator "TA"]
[PlyCount "78"]
[EventDate "2022.09.05"]
[EventType "tourn"]
[EventCountry "USA"]
[SourceTitle "playchess.com"]
[Source "ChessBase"]
[SourceQuality "1"]
[TimeControl "40/5400+30:1800+30"]

1. e4 c5 2. Nf3 Nc6 3. Bb5 Nf6 4. e5 Nd5 5. Nc3 Nc7 6. a4 {[%emt 0:01:18] B30: Sicilian: 2...Nc6 3 Bb5, lines without ...g6.} g6 7. O-O Bg7 8. Re1 O-O 9. d3 d6 10. exd6 $1 exd6 11. Bg5 f6 {[%emt 0:00:46] [#]} 12. Be3 $146 ({Predecessor:} 12. Bf4 Ne5 13. d4 Nxf3+ 14. Qxf3 cxd4 15. Ne4 d5 16. Nd6 a6 17. Bd3 b6 18. Nxc8 Rxc8 19. Bxc7 Qxc7 20. Qxd5+ {½-½ (39) Priasmoro,N (2501)-Wong,Y (2381) Ha Long 2022}) 12... Nxb5 13. axb5 Nb4 14. Ne4 Nd5 {[%emt 0:06:20] Against Bf4} (14... f5 $5 15. c3 fxe4 16. dxe4 Be6 $11) 15. Bd2 f5 16. Nc3 Nf6 17. Qc1 {[%emt 0:04:55] White is more active.} b6 18. Bh6 Bxh6 19. Qxh6 Bb7 20. Nd2 Qd7 21. Qh4 Kg7 22. f3 Bd5 23. Nc4 Rae8 24. Qf4 {[%emt 0:01:54] And now Rxe8 would win.} Rxe1+ 25. Rxe1 Re8 26. Ra1 Bxc4 27. dxc4 Re7 28. Rd1 Qe6 (28... Re6 $14) 29. h3 (29. Qxd6 $16 Qe3+ 30. Kf1) 29... Rd7 $11 {[%emt 0:05:14] The position is equal.} 30. Nd5 Nxd5 31. Rxd5 {[%emt 0:00:26][%mdl 4096] Endgame KQR-KQR} Qe1+ 32. Kh2 Qb1 33. Rxd6 Rxd6 34. Qxd6 Qxc2 {[%emt 0:02:24] KQ-KQ} 35. Qe7+ Kg8 36. Qe6+ Kg7 37. Qe7+ Kg8 38. Qe6+ Kg7 39. Qe7+ Kg8 {[%emt 0:00:35] Weighted Error Value: White=0.07 (flawless) /Black=0.05 (flawless)} 1/2-1/2

[Event "USA Championship 2022"]
[Site "Saint Louis"]
[Date "2022.10.08"]
[Round "4.4"]
[White "Swiercz, Dariusz"]
[Black "Dominguez Perez, Leinier"]
[Result "1/2-1/2"]
[ECO "E48"]
[WhiteElo "2652"]
[BlackElo "2747"]
[Annotator "TA"]
[PlyCount "55"]
[EventDate "2022.09.05"]
[EventType "tourn"]
[EventCountry "USA"]
[SourceTitle "playchess.com"]
[Source "ChessBase"]
[SourceQuality "1"]
[TimeControl "40/5400+30:1800+30"]

1. c4 Nf6 2. d4 e6 3. Nc3 Bb4 4. e3 O-O 5. Bd3 c5 6. Nge2 d5 7. cxd5 cxd4 8. exd4 Nxd5 9. O-O {[%emt 0:00:22] The position is equal.} Re8 {[%emt 0:00:10] E48: Nimzo-Indian: Rubinstein: 5 Bd3 d5 including 6 Ne2, but excluding 6 a3.} 10. Nxd5 exd5 11. Nf4 Nc6 12. Be3 Bd6 13. Qf3 $1 {[%emt 0:21:37] [#]} Qh4 $146 ({Predecessor:} 13... Nb4 14. Bb1 Qf6 15. a3 Bxf4 16. Qxf4 Qxf4 17. Bxf4 Nc6 18. Be3 Na5 19. Bd3 Nb3 {½-½ (55) Kazhgaleyev,M (2587)-Gelfand,B (2673) St Petersburg 2018}) 14. g3 Qg4 15. Qxg4 Bxg4 16. Nxd5 Rad8 $1 17. Nc3 Be5 18. Be2 Bxe2 19. Nxe2 Nxd4 20. Nxd4 Bxd4 21. Bxd4 Rxd4 22. Rfd1 Rxd1+ 23. Rxd1 $11 {[%emt 0:00:03] KR-KR} Kf8 24. Rd7 Re7 25. Rd8+ Re8 26. Rd7 Re7 27. Rd8+ Re8 28. Rd7 {[%emt 0:00:19] A balanced but interesting game.  Weighted Error Value: White=0.02 (flawless) /Black=0.01 (flawless)} 1/2-1/2

[Event "USA Championship 2022"]
[Site "Saint Louis"]
[Date "2022.10.08"]
[Round "4.5"]
[White "Niemann, Hans Moke"]
[Black "Caruana, Fabiano"]
[Result "0-1"]
[ECO "E36"]
[WhiteElo "2699"]
[BlackElo "2763"]
[Annotator "TA"]
[PlyCount "160"]
[EventDate "2022.09.05"]
[EventType "tourn"]
[EventCountry "USA"]
[SourceTitle "playchess.com"]
[Source "ChessBase"]
[SourceQuality "1"]
[TimeControl "40/5400+30:1800+30"]

1. d4 Nf6 2. c4 e6 3. Nc3 Bb4 4. Qc2 O-O 5. a3 Bxc3+ 6. Qxc3 d5 7. Bg5 h6 {[%emt 0:02:59] E36: Nimzo-Indian: Classical: 4...d5 5 a3.} 8. Bxf6 Qxf6 9. Nf3 dxc4 $1 {[%emt 0:00:53] The position is equal. 9...dxc4 is better than 9...c6.} 10. Qxc4 Nc6 11. Qc3 Re8 12. Rd1 e5 13. d5 Nb8 14. e3 Bf5 15. Be2 Nd7 16. O-O Rac8 {[%emt 0:00:59] [#]} 17. a4 $146 ({Predecessor:} 17. Bb5 a6 18. Bxd7 Bxd7 19. Nd2 Qg6 20. f3 Rcd8 21. Nc4 Bb5 22. b3 c6 23. a4 cxd5 24. Nxe5 Rxe5 25. Qxe5 Bxf1 26. Kxf1 {½-½ (41) Gledura,B (2644)-Sevian,S (2703) Saint Louis 2022}) 17... c6 18. d6 Rcd8 19. a5 Bg4 20. h3 Bxf3 21. gxf3 Nf8 22. Qb4 (22. a6 $11 bxa6 23. Qxc6) 22... Rd7 $1 $17 23. Rd2 Ng6 {[%emt 0:04:29] Prevents f4.} (23... a6 $17) 24. Rfd1 (24. a6 $11 {remains equal.}) 24... Nh4 (24... a6 $17) 25. Qg4 Re6 26. Kf1 Nf5 ({Black should try} 26... a6 $17) 27. a6 $11 bxa6 (27... Nxd6 $2 28. axb7 Rd8 29. Bc4 Nxb7 30. Bxe6 fxe6 31. Rxd8+ Nxd8 32. Rd7 $18) 28. Bxa6 {[%emt 0:00:56] Strongly threatening Bc8.} Rdxd6 29. Rxd6 Nxd6 30. Bd3 {[%emt 0:01:22] Against e4} (30. Qb4 $15) 30... g6 $17 31. h4 h5 32. Qg3 Kg7 33. e4 Qe7 34. Qg5 Qb7 35. Qc1 Qb4 36. Qd2 (36. Qxc6 $142 Qxb2 37. Qc5) 36... Qxd2 {[%emt 0:02:03] Black is more active.} 37. Rxd2 {[%emt 0:00:01][%mdl 4096] Endgame KRB-KRN} Kf6 (37... Nb5 $142 $1 {White must now prevent ...Rd6.} 38. Bxb5 cxb5) 38. b4 g5 39. Ra2 Nc8 40. Ba6 Nd6 (40... Nb6 $1 $17) 41. Be2 Nc8 42. f4 (42. Ba6 $1 $11 {keeps the balance.} Nb6 43. Be2) 42... gxh4 43. Bxh5 Nd6 44. Rxa7 exf4 45. f3 Re5 $1 46. Bg4 Nc4 $1 47. Kg2 (47. Ra6 $17 {was the only defense.} Ne3+ 48. Kf2) 47... Rb5 $1 $19 48. Ra4 Ne5 49. Kh3 $2 (49. Bh3 {was necessary.}) 49... Kg5 50. Ra8 Rxb4 51. Rh8 Kf6 52. Rh5 Rb5 53. Rf5+ Ke7 $1 54. Bh5 {[%emt 0:04:13] [#]} Ng6 (54... Ke6 $1 $19 {...c5 is the strong threat.} 55. Rxf4 Nd3 56. Bg4+ Ke7) 55. Bxg6 $11 fxg6 56. Rxf4 {[%emt 0:00:03] KR-KR} g5 57. Rg4 Kf6 {[%emt 0:00:39] And now ...Rb3 would win.} 58. f4 $1 Rb3+ 59. Kh2 $1 Rb2+ 60. Kh3 Rb3+ 61. Kh2 $1 gxf4 62. Rxf4+ Ke5 63. Rxh4 Re3 64. Rh6 {[%emt 0:01:14] Loses the game.} Rc3 65. Kg2 $2 (65. Rh4 $19) 65... Kxe4 {[%emt 0:00:04] Black mates.} 66. Rd6 Ke3 67. Re6+ Kd2 68. Rd6+ Kc2 69. Kf2 c5 70. Rc6 Kd2 71. Rc8 c4 72. Rc7 Rc2 73. Rd7+ Kc3+ 74. Ke1 Rh2 75. Kd1 Rh1+ 76. Ke2 Kc2 77. Rd2+ Kb3 78. Rd8 c3 79. Rb8+ {[%emt 0:00:21] [#]} Kc2 $1 80. Ra8 Rh7 {[%emt 0:00:14] Weighted Error Value: White=0.18 (very precise) /Black=0.17 (very precise)} 0-1

[Event "USA Championship 2022"]
[Site "Saint Louis"]
[Date "2022.10.08"]
[Round "4.6"]
[White "Sevian, Samuel"]
[Black "Liang, Awonder"]
[Result "1/2-1/2"]
[ECO "C87"]
[WhiteElo "2684"]
[BlackElo "2608"]
[Annotator "TA"]
[PlyCount "101"]
[EventDate "2022.09.05"]
[EventType "tourn"]
[EventCountry "USA"]
[SourceTitle "playchess.com"]
[Source "ChessBase"]
[SourceQuality "1"]
[TimeControl "40/5400+30:1800+30"]

1. e4 e5 2. Nf3 Nc6 3. Bb5 Nf6 4. d3 d6 5. O-O a6 6. Bxc6+ bxc6 7. d4 Be7 8. Re1 exd4 9. Nxd4 Bd7 10. c4 {[%emt 0:04:35] C87: Closed Ruy Lopez: Steinitz-type lines after 6 Re1 d6.} O-O 11. Nc3 Re8 12. h3 {[%emt 0:05:29] White has an edge.} h6 {[%emt 0:01:09] [#]} 13. Qd3 $146 ({Predecessor:} 13. Bf4 Nh7 14. Qc2 Nf8 15. Rad1 Ng6 16. Bh2 Bf6 17. Nf3 Qe7 18. Re3 Be6 19. b3 {1-0 (39) Goloshchapov,A (2555)-Laurent,B (2397) Cappelle la Grande 2007}) 13... c5 14. Nc2 Bc6 15. Ne3 a5 16. Nf5 {[%emt 0:05:04] aiming for Qg3.} Bf8 17. Bf4 Nd7 18. Rad1 Qf6 19. Bc1 g6 20. Ne3 (20. Nxh6+ $2 Bxh6 21. Bxh6 g5 22. Bxg5 Qxg5 $19) 20... Bg7 21. Ned5 Qd8 22. b3 a4 23. Qc2 axb3 24. axb3 Nf6 25. Bb2 Nxd5 26. exd5 Bd7 27. Rxe8+ Qxe8 28. Qc1 Qe7 29. Re1 Qg5 30. Re3 {[%emt 0:02:46] [#] Strongly threatening Ne4.} Bf5 (30... Bxh3 $1 $17 31. Rxh3 Qxc1+ 32. Bxc1 Ra1) 31. Ne2 $11 Bd7 32. Bxg7 Kxg7 33. Qc3+ Qf6 34. Re7 Qxc3 (34... Rd8 {is more complex.} 35. h4 Qxc3 36. Nxc3 Kf8) 35. Nxc3 {[%emt 0:00:02][%mdl 4096] Endgame KRB-KRN} Rd8 36. g4 Kf8 37. Re3 Re8 ({Black should play} 37... f5 $15) 38. Rxe8+ {[%emt 0:01:58] The position is equal.} Kxe8 {[%emt 0:00:03] KB-KN} 39. Kg2 f5 40. Kg3 Ke7 41. Nb5 Bxb5 42. cxb5 {[%emt 0:00:09] KP-KP} Kf6 43. f4 g5 44. Kf3 fxg4+ 45. hxg4 gxf4 46. Kxf4 Kg6 47. Ke4 Kg5 48. Kf3 Kg6 (48... Kf6 $5 49. Kf4 Ke7 $11) 49. Ke4 Kg5 (49... Kf6 $5) 50. Kf3 Kg6 51. Ke4 {[%emt 0:00:06] Weighted Error Value: White=0.08 (flawless) /Black=0.07 (flawless)} 1/2-1/2

[Event "USA Championship 2022"]
[Site "Saint Louis"]
[Date "2022.10.08"]
[Round "4.7"]
[White "Aronian, Levon"]
[Black "Robson, Ray"]
[Result "1/2-1/2"]
[ECO "D38"]
[WhiteElo "2755"]
[BlackElo "2690"]
[Annotator "TA"]
[PlyCount "113"]
[EventDate "2022.09.05"]
[EventType "tourn"]
[EventCountry "USA"]
[SourceTitle "playchess.com"]
[Source "ChessBase"]
[SourceQuality "1"]
[TimeControl "40/5400+30:1800+30"]

1. d4 Nf6 2. c4 e6 3. Nf3 d5 4. Nc3 Bb4 5. cxd5 exd5 6. Bg5 h6 7. Bh4 O-O {[%emt 0:03:47] D38: Queen's Gambit Declined: Ragozin Defence (4 Nf3 Bb4).} 8. e3 Bf5 9. Qb3 Bxc3+ 10. bxc3 Nbd7 11. Be2 c5 12. dxc5 g5 13. Nd4 Nxc5 (13... gxh4 $2 14. Nxf5 Qc7 15. Qb4 $16 (15. Nxh6+ Kh7 $16)) 14. Qb5 {[%emt 0:05:39] [#]} Qc8 $146 {[%emt 0:01:04] Threatens to win with ...Bd7.} ({Predecessor:} 14... Nfe4 15. Nxf5 Qf6 16. Nd4 gxh4 17. f3 Nxc3 18. Qxc5 Rac8 19. Qa3 Qe5 20. Qb2 Qxe3 {1-0 (36) Sebenik,M (2457)-Riazantsev,A (2635) Tallinn 2019}) 15. Nxf5 Qxf5 16. Qxc5 {[%emt 0:00:11] aiming for Bg3.} gxh4 17. Qd4 Qg5 18. O-O Rfe8 19. Rab1 b6 20. Rb5 Re4 21. Qd1 h3 $1 22. g3 Rd8 23. c4 Ree8 (23... Qe5 $11 {keeps the balance.}) 24. Qd4 Qf5 {[%emt 0:05:33] Against Bf3} 25. cxd5 Re5 26. Qh4 Rdxd5 27. Rb4 Rd2 (27... Re4 $1 $11 28. Rxe4 Qxe4 29. Qxh3 Kg7) 28. Bg4 (28. Rf4 $1 $16 Qg5 29. Qxh3 $1) 28... Qg6 $11 29. Qxh3 Rxa2 30. Bf3 Kg7 31. Qc8 Qf5 32. Qb7 Qd7 33. Rg4+ Rg5 34. Qxd7 Nxd7 35. Rf4 Rd2 36. Rd4 $1 Rxd4 37. exd4 {[%emt 0:00:05][%mdl 4096] Endgame KRB-KRN} Rg6 38. Rc1 (38. Ba8 $11) 38... Rd6 $15 39. Rc7 {[%emt 0:00:06] [#]} a5 $1 40. d5 Kf6 41. Kf1 Ne5 ({Black should try} 41... a4 $17 42. Ke2 b5) 42. Be4 $11 {[%emt 0:00:00] The position is equal.} b5 43. Ke2 Ra6 44. f4 Nc4 45. Rc6+ Rxc6 46. dxc6 {[%emt 0:00:00] c7 is the strong threat. KB-KN} Ke7 47. c7 Kd7 48. Bc6+ Kxc7 49. Bxb5 Nd6 50. Ba4 Kd8 51. Kd3 Ke7 52. Kd4 Kf6 53. Kd5 Nf5 54. Ke4 Nd6+ 55. Kd5 Nf5 56. Ke4 Nd6+ 57. Kd5 {Weighted Error Value: White=0.11 (very precise) /Black=0.08 (flawless)} 1/2-1/2